 Dungeon Crawl Stone Soup version 0.31-a0-344-gd109795599 (webtiles) character file.

Game seed: 8876727224161416877

33 Newt the Trooper (level 3, -2/30 HPs)
             Began as a Merfolk Fighter on July 21, 2023.
             Slain by a gnoll
             ... wielding a +0 whip
              (6 damage)
             ... on level 2 of the Dungeon.
             The game lasted 00:01:36 (1013 turns).

Newt the Trooper (Merfolk Fighter)                  Turns: 1013, Time: 00:01:36

Health: -2/30      AC:  6    Str: 16    XL:     3   Next: 29%
Magic:  3/3        EV: 10    Int:  7    God:
Gold:   110        SH:  6    Dex: 15    Spells: 2/2 levels left

rFire   . . .        a - +0 long sword
rCold   . . .        c - +1 buckler
rNeg    . . .        b - +0 scale mail
rPois   .            (no helmet)
rElec   .            (no cloak)
rCorr   .            (no gloves)
SInv    .            (no boots)
Will    .....        (no amulet) Stlth
                     o - ring of wizardry
HPRegen 0.25/turn    r - ring of flight
MPRegen 0.08/turn

%: wizardry (x1)
@: flying
A: (nimble swimmer 2), mertail
a: no special abilities


You were on level 2 of the Dungeon.
You visited 1 branch of the dungeon, and saw 3 of its levels.

You collected 110 gold pieces.

Inventory:

Hand Weapons
 a - a +0 long sword (weapon)
 i - a +2 spear of distortion
Armour
 b - a +0 scale mail (worn)
 c - a +1 buckler (worn)
Jewellery
 o - a ring of wizardry (left hand)
 r - a ring of flight (right hand)
Wands
 e - a wand of paralysis (12)
Scrolls
 g - a scroll of butterflies
 j - 2 scrolls of teleportation
 l - 2 scrolls of blinking
Potions
 d - a potion of might
 f - a potion of lignification
 h - 2 potions of magic
 k - a potion of cancellation
 m - a potion of haste {unknown}
 n - a potion of curing


   Skills:
 - Level 4.0 Fighting
 - Level 2.4 Long Blades
 - Level 2.1 Armour
 + Level 2.8 Dodging
 - Level 3.0 Shields


You had 2 spell levels left.
You didn't know any spells.
Your spell library was empty.

Dungeon Overview and Level Annotations

Branches:
Dungeon (3/15)

Altars:


Innate Abilities, Weirdness & Mutations

((You are very nimble when in or above water. (Stealth+, EV+, Speed+++)))
Your lower body shifts to a powerful aquatic tail in water.


Message History

You block the gnoll's attack.
You fly upwards.
There is a stone staircase leading down here.
You block the gnoll's attack. The gnoll attacks as you move away!
The gnoll misses you.
You barely miss the endoplasm. The endoplasm closely misses you.
You hit the endoplasm but do no damage. The endoplasm closely misses you.
The endoplasm hits you but does no damage.
You hit the endoplasm.
The endoplasm is severely wounded.
The endoplasm freezes you.
You are frozen.
* * * LOW HITPOINT WARNING * * *
You slash the endoplasm!
You kill the endoplasm!
The gnoll throws a throwing net.
You block the throwing net.
Unknown command.
The gnoll barely misses you.
You closely miss the gnoll. You block the gnoll's attack.
The gnoll hits you with a +0 whip.
* * * LOW HITPOINT WARNING * * *
Unknown command.
You feel better. The gnoll hits you but does no damage.
You hit the gnoll.
The gnoll is lightly wounded.
The gnoll hits you with a +0 whip.
* * * LOW HITPOINT WARNING * * *
You hit the gnoll.
The gnoll is heavily wounded.
The gnoll hits you with a +0 whip.
* * * LOW HITPOINT WARNING * * *
You hit the gnoll.
The gnoll is severely wounded.
The gnoll hits you with a +0 whip.
* * * LOW HITPOINT WARNING * * *
The gnoll barely misses you.
You closely miss the gnoll.
The gnoll is severely wounded.
The gnoll hits you with a +0 whip.
You die...

..##.......#############..#
######....## ##..........##
######....####..##########
...............##
....###.....#### .####
#####.### .# #...#### ##
#.#..>g# .##########.####@#
.........##...##(#######
.#######(...#.##..##...# .#
####..>..#......# .##
####.........# ..##
###.......# #>.# ####.####
##.## #...# ##..######
###.##


You could see a gnoll.

Vanquished Creatures
  7 bats
  2 endoplasms (D:2)
  3 giant cockroaches (D:1)
  4 goblins (D:1)
  2 hobgoblins
  3 ball pythons
  5 kobolds
  2 rats (D:1)
28 creatures vanquished.

Notes
Turn   | Place    | Note
-------+----------+-------------------------------------------
     0 | D:1      | Newt the Merfolk Fighter began the quest for the Orb.
     0 | D:1      | Reached XP level 1. HP: 18/18 MP: 1/1
   186 | D:1      | Reached XP level 2. HP: 23/25 MP: 2/2
   217 | D:1      | Reached skill level 4 in Fighting
   260 | D:1      | Reached skill level 1 in Dodging
   492 | D:2      | Reached XP level 3. HP: 30/30 MP: 3/3
  1013 | D:2      | Slain by a gnoll

Illustrated notes

Levels and vault maps discovered:
D:1:      roderic_octagonal_star, layout_rooms
D:2:      layout_rooms
D:3:      layout_basic, dk_xom_monty_hall, mainiacjoe_overflow_small_starburst,
          nemelex_diamond_rough_becter

Skill      XL: |  1  2 |
---------------+-------+-----
Fighting       | 4 |  4.0
Dodging        | 2 |  2.8
Long Blades    | |  2.4
Armour         | |  2.1
Shields        | |  3.0

Action                     || total
---------------------------++-------
  Melee: Long sword        ||    81
    Use: Scroll            ||    11
         Potion            ||     1
 Armour: Scale mail        ||    53
  Dodge: Dodged            ||    46
  Block: Buckler           ||    25

Table legend: (Time is in decaauts)
 A = Elapsed time spent in this place.
 B = Non-inter-level travel time spent in this place.
 C = Inter-level travel time spent in this place.
 D = Time resting spent in this place.
 E = Time spent auto-exploring this place.
 F = Levels seen in this place.
 G = Mean time per level.
                   A        B        C        D        E       F      G
               +--------+--------+--------+--------+--------+-----+--------+
         Total |   1038 |    992 |     46 |      0 |    769 |   3 |  346.0 |
       Dungeon |   1038 |    992 |     46 |      0 |    769 |   3 |  346.0 |
               +--------+--------+--------+--------+--------+-----+--------+

Top non-repeatable levels by time:
     D:2: 531 daAuts
     D:1: 502 daAuts
     D:3: 5 daAuts
